 Dungeon Crawl Stone Soup version 0.31.0-11-ge490571c62 (webtiles) character file.

Game seed: 5978565518406401894

14 ClF3Spritzer the Caller (level 2, -2/13 HPs)
             Began as a Felid Summoner on Feb 7, 2024.
             Killed by nerve-wracking pain
             ... invoked by Jessica
              (13 damage)
             ... on level 2 of the Dungeon.
             The game lasted 00:07:46 (862 turns).

ClF3Spritzer the Caller (Felid Summoner)             Turns: 862, Time: 00:07:47

Health: -2/13      AC:  1    Str:  4    XL:     2   Next: 27%
Magic:  5/6        EV: 17    Int: 18    God:
Gold:   47         SH:  0    Dex: 16    Spells: 4/5 levels left
                                        Lives:  0   Deaths: 1

rFire   . . .        (weapon unavailable)
rCold   . . .        (shield unavailable)
rNeg    . . .        (body armour unavailable)
rPois   .            (helmet unavailable)
rElec   .            (cloak unavailable)
rCorr   .            (gloves unavailable)
SInv    +            (boots unavailable)
Will    .....        (no amulet)
Stlth   ++           (no ring)
HPRegen 0.22/turn    (no ring)
MPRegen 0.10/turn

%: no passive effects
@: no status effects
A: very small, claws 1, fangs 3, see invisible, shaggy fur 1, stealthy paws, no
weapons or thrown items, no armour, multi-lived
a: no special abilities


You were on level 2 of the Dungeon.
You visited 1 branch of the dungeon, and saw 2 of its levels.

You collected 47 gold pieces.

Inventory:

Scrolls
 b - 2 scrolls of identify {unknown}
 d - a scroll of revelation {unknown}
 e - a scroll of teleportation {unknown}
 g - a scroll of enchant weapon {unknown}
Potions
 a - a potion of magic
 c - a potion of mutation {unknown}
 f - a potion of curing {unknown}


   Skills:
 - Level 2.7 Dodging
 - Level 2.8 Stealth
 + Level 2.3 Spellcasting
 + Level 4.2 Summonings
 + Level 0.0 Necromancy


You had 4 spell levels left.
You knew the following spells:

 Your Spells              Type           Power      Damage    Failure   Level
a - Summon Small Mammal   Summ           68%        N/A       3%          1

Your spell library contained the following spells:

 Spells                   Type           Power      Damage    Failure   Level
 Call Imp                 Summ           34%        N/A       4%          2
 Call Canine Familiar     Summ           17%        N/A       9%          3
 Mephitic Cloud           Conj/Alch/Air  2%         N/A       45%         3
 Summon Blazeheart Golem  Fire/Summ      9%         N/A       58%         4
 Summon Lightning Spire   Summ/Air       9%         N/A       58%         4
 Animate Dead             Necr           2%         N/A       86%         4
 Borgnjor's Vile Clutch   Necr/Erth      1%         N/A       99%         5
 Freezing Cloud           Conj/Ice/Air   1%         6-21      99%         5
 Death Channel            Necr           1%         N/A       100%        6
 Plasma Beam              Fire/Air       1%         2x1d11    100%        6


Dungeon Overview and Level Annotations

Branches:
Dungeon (2/15)

Altars:

Annotations:
D:2 Jessica


Innate Abilities, Weirdness & Mutations

You have sharp claws.
You have razor-sharp teeth.
You have supernaturally acute eyesight. (SInv)
You are covered in fur. (AC +1)
Your paws help you pounce on unaware monsters.
You are incapable of wielding weapons or throwing items.
You cannot wear armour.
You gain extra lives every three experience levels.


Message History

Jessica barely misses you.
Your rat barely misses Jessica.
Jessica misses you.
Your rat completely misses Jessica.
You scratch Jessica.
Jessica is almost dead.
Jessica looks very angry.
Jessica gestures at you while chanting. Pain shoots through your body!
You die...
Jessica closely misses you.
Your rat bites Jessica but does no damage.
Jessica barely misses you.
You rejoin the land of the living...
Jessica hits your rat with a +0 club.
Your rat dies!
Your rat's corpse disappears in a puff of smoke!
Jessica casts a spell.
Jessica blinks!
Casting: Summon Small Mammal (safe; 3% risk of failure)
Confirm with . or Enter, or press ? or * to list all spells.
Casting: Summon Small Mammal (safe; 3% risk of failure)
Confirm with . or Enter, or press ? or * to list all spells.
Jessica mumbles some strange words.
Jessica seems to speed up.
Jessica hits your rat with a +0 club!
Your rat dies!
Your rat's corpse disappears in a puff of smoke!
Jessica casts a spell at you.
You barely resist. You scratch Jessica but do no damage.
Jessica is severely wounded.
Jessica closely misses you. Jessica hits you with a +0 club.
You scratch Jessica but do no damage.
Jessica is severely wounded.
Jessica barely misses you.
You scratch Jessica but do no damage. Your bite misses Jessica.
Jessica is severely wounded.
Jessica points at you and mumbles some strange words.
Pain shoots through your body!
Ouch! That really hurt!
You die...

#.#####..# #..#.#
#.#<...#.# #..#.##.#
#.#.##.#.# #.......#
#...##.#.##
####.#.##.#
#.#†##.#†.##
#.##.#.#
#.....^.#..#
#......#
#.#.##..##.#
#.##.###
#.......##†###.##.##
###..#####.@@r.....#
#..# #####..#..#
....# #..>...#
##.... #####..#
#...J #......#
#..... #.###.##
+..... #(# #.# #.#


You could see Jessica (fast, ally target) and a friendly quokka (summoned).

Vanquished Creatures
  A ball python (D:1)
  A goblin (D:1)
  2 frilled lizards (D:1)
  A kobold (D:1)
  2 rats (D:1)
7 creatures vanquished.

Vanquished Creatures (collateral kills)
  2 giant cockroaches (D:2)
  A hobgoblin (D:1)
  A frilled lizard (D:1)
  3 kobolds (D:1)
7 creatures vanquished.

Grand Total: 14 creatures vanquished

Notes
Turn   | Place    | Note
-------+----------+-------------------------------------------
     0 | D:1      | ClF3Spritzer the Felid Summoner began the quest for the
                  | Orb.
     0 | D:1      | Reached XP level 1. HP: 9/9 MP: 4/4
   191 | D:1      | Reached XP level 2. HP: 13/13 MP: 4/6
   776 | D:2      | Got the Compilation of Changing Fog
   780 | D:2      | Noticed Jessica
   849 | D:2      | Killed from afar by Jessica
   849 | D:2      | Lost a life (0 lives remaining)
   862 | D:2      | Killed from afar by Jessica

Illustrated notes

Levels and vault maps discovered:
D:1:      minmay_arrival_open_corners, layout_loops_ring
D:2:      layout_basic, uniq_jessica

Action                     || total
---------------------------++-------
  Melee: Unarmed           ||    28
         Bite              ||     2
   Cast: Summon Small Mamm ||    29
   Stab: Sleeping          ||     3
 Armour: Skin              ||    11
  Dodge: Dodged            ||    38
